Map: Orbital Shipyard

Players

Kaldi

  • Race: Zerg Zerg
  • League: Master

ignite - Winner!

  • Race: Terran Terran
  • League: Master

VOD

Have the link to the VOD?

Description

Time

  • Played on: March 13, 2016, 8:05 a.m.
  • Length: 13:08
Show
View Real Time Build Order
Export as new Build Order

Kaldi Zerg 

Build Orders: Hatch First, Muta Ling Bane 

Get SALT Encoding   

  12  0:00  Drone  
  13  0:12  Overlord  
  13  0:18  Drone  
  14  0:30  Drone  
  14  0:31  Drone  
  16  0:38  Drone  
  17  0:54  Hatchery  
  16  0:57  Drone  
  17  1:18  Spawning Pool  
  16  1:21  Drone x2  
  16  1:24  Extractor  
  17  1:26  Drone  
  18  1:34  Drone  
  19  1:43  Drone  
  20  1:55  Overlord  
  20  2:04  Queen  
  20  2:05  Zergling x2  
  20  2:07  Queen  
  25  2:13  Overlord  
  25  2:16  Drone  
  25  2:22  Drone  
  27  2:29  Zergling x2  
  28  2:37  Metabolic Boost, Drone x2  
  29  2:41  Queen  
  31  2:50  Drone x3  
  34  2:57  Queen  
  36  2:59  Drone  
  36  3:00  Overlord  
  37  3:09  Drone  
  37  3:16  Zergling x4  
  39  3:23  Zergling x2  
  39  3:25  Zergling x2  
  39  3:27  Drone x3  
  43  3:30  Extractor  
  43  3:31  Drone  
  44  3:38  Drone x2  
  46  3:46  Drone x2  
  46  3:47  Drone  
  46  3:48  Drone x2  
  51  3:52  Overlord  
  51  4:05  Overlord  
  51  4:07  Lair  
  51  4:10  Evolution Chamber  
  51  4:12  Evolution Chamber  
  51  4:13  Hatchery  
  51  4:16  Queen  
  48  4:18  Drone x3  
  53  4:26  Drone x2  
  53  4:29  Drone  
  53  4:30  Drone  
  57  4:35  Drone x2  
  57  4:38  Zergling x6  
  62  4:41  Zerg Melee Weapons Level 1  
  61  4:47  Zergling x4  
  61  4:51  Extractor  
  61  4:54  Extractor  
  60  5:03  Zergling x6  
  60  5:05  Drone x2  
  65  5:08  Spire  
  65  5:10  Drone  
  65  5:11  Drone  
  66  5:17  Baneling Nest  
  66  5:21  Drone x3  
  68  5:27  Overlord  
  68  5:31  Overlord  
  68  5:35  Hatchery  
  67  5:46  Zerg Ground Armor Level 1  
  67  5:55  Drone x11  
  76  6:02  Overlord x2  
  76  6:06  Centrifical Hooks  
  76  6:08  Drone x2  
  78  6:15  Drone x3  
  78  6:17  Extractor x2  
  79  6:30  Drone x2  
  79  6:31  Drone x2  
  83  6:35  Zergling x8  
  83  6:36  Overseer  
  87  6:42  Overlord x2  
  86  6:53  Zerg Melee Weapons Level 2  
  86  6:55  Mutalisk x3  
  86  6:57  Zergling x6  
  86  6:58  Hatchery, Zergling x12  
  100  7:09  Drone x5  
  100  7:10  Drone x2  
  100  7:11  Baneling x6  
  100  7:12  Baneling  
  107  7:16  Zergling x14  
  114  7:33  Overlord x4  
  114  7:53  Overseer  
  114  7:54  Overseer x2  
  114  7:55  Mutalisk x3  
  114  7:57  Baneling  
  114  7:58  Baneling x8  
  120  7:59  Zergling x8  
  120  8:00  Zergling x16  
  132  8:09  Zergling x4  
  132  8:10  Zergling x12  
  135  8:25  Zergling x18  
  135  8:26  Zergling x4  
  141  8:29  Hatchery  
  103  8:54  Hatchery, Mutalisk x7  
  105  8:57  Zergling x16  
  105  8:58  Zergling x2  
  105  9:00  Extractor  
  105  9:02  Extractor  
  112  9:07  Baneling x3  
  112  9:08  Baneling x3  
  110  9:11  Zergling x22  
  121  9:18  Zergling x2  
  121  9:19  Zergling x8  
  120  9:36  Zergling x2  
  120  9:37  Zergling x10  
  126  9:43  Zerg Ground Armor Level 2  
  124  9:47  Infestation Pit  
  103  9:56  Mutalisk  
  103  9:57  Mutalisk x3  
  103  9:59  Zergling x2  
  111  10:00  Zergling x24  
  121  10:08  Baneling x4  
  121  10:09  Baneling x3  
  120  10:23  Baneling x2  
  120  10:24  Baneling x2  
  120  10:25  Mutalisk x2  
  120  10:27  Drone  
  120  10:28  Drone x6  
  130  10:29  Overlord x3  
  106  10:46  Spine Crawler  
  106  10:48  Mutalisk  
  106  10:49  Mutalisk x3  
  113  10:55  Zergling x12  
  113  10:56  Zergling x14  
  117  11:02  Drone x3  
  117  11:03  Zerg Flyer Weapons Level 1  
  117  11:12  Zergling x12  
  118  11:21  Mutalisk x3  
  118  11:28  Mutalisk x2  
  118  11:39  Mutalisk x3  
  119  11:41  Drone x3  
  119  11:44  Drone  
  119  11:45  Drone x5  
  128  11:51  Drone x5  
  133  11:56  Drone x3  
  136  12:01  Drone  
  136  12:02  Drone x2  
  136  12:04  Drone  
  137  12:19  Hatchery  
  137  12:20  Baneling x6  
  137  12:21  Baneling x3  
  127  12:50  Zergling x30  
  128  12:53  Baneling x2  
  128  12:54  Baneling  
Show
View Real Time Build Order
Export as new Build Order

ignite Terran - Winner!

Build Orders: Reaper Expand, MMM Bio 

Get SALT Encoding   

  12  0:00  SCV  
  13  0:12  SCV  
  14  0:19  Supply Depot  
  14  0:25  SCV  
  15  0:41  SCV  
  15  0:42  Barracks  
  16  0:45  Refinery  
  16  0:53  SCV  
  17  1:05  SCV  
  18  1:17  SCV  
  19  1:29  Orbital Command  
  19  1:30  Reaper  
  20  1:43  Command Center  
  20  1:55  SCV  
  20  1:58  Supply Depot  
  21  2:02  Reaper  
  21  2:08  SCV  
  23  2:20  SCV  
  24  2:31  Command Center  
  24  2:32  SCV  
  25  2:44  SCV  
  25  2:47  Factory, Barracks Reactor  
  26  2:56  SCV, Orbital Command  
  27  3:08  SCV  
  28  3:21  SCV  
  28  3:23  SCV  
  30  3:34  SCV  
  30  3:36  SCV  
  30  3:37  Barracks Tech Lab  
  30  3:39  Hellion x2  
  36  3:43  Orbital Command  
  36  3:46  SCV  
  37  3:48  SCV  
  38  3:56  Marine  
  38  3:57  Stimpack  
  38  4:00  Hellion x2  
  38  4:01  Refinery  
  43  4:03  SCV x2  
  43  4:08  SCV  
  46  4:14  Marine  
  46  4:15  SCV  
  48  4:17  SCV  
  48  4:21  SCV, Hellion  
  48  4:22  Hellion  
  54  4:28  SCV  
  55  4:31  SCV  
  55  4:33  SCV  
  57  4:40  SCV  
  57  4:43  SCV  
  57  4:44  Engineering Bay  
  59  4:51  Engineering Bay  
  59  4:54  SCV x2  
  61  5:05  SCV  
  62  5:08  Orbital Command  
  62  5:09  Refinery x2  
  62  5:10  Marine  
  63  5:17  Terran Infantry Weapons Level 1, Factory Reactor  
  63  5:18  Terran Infantry Armor Level 1  
  63  5:20  Barracks x2  
  63  5:21  SCV x2  
  65  5:35  SCV x2  
  67  5:38  SCV  
  68  5:44  Supply Depot  
  68  5:45  Supply Depot x2  
  68  5:46  Supply Depot, Marine  
  68  5:48  Barracks  
  69  5:53  SCV x2  
  69  5:55  SCV  
  64  6:03  Combat Shields  
  61  6:04  Factory Reactor  
  61  6:05  SCV x2  
  61  6:06  Bunker  
  61  6:07  SCV  
  64  6:12  Marine x3  
  64  6:14  Marine x2  
  64  6:17  SCV x2  
  71  6:22  Starport  
  71  6:25  Barracks  
  71  6:26  Missile Turret  
  71  6:27  Armory  
  71  6:29  Missile Turret  
  71  6:31  SCV x3  
  71  6:32  Marine x3  
  77  6:39  Marine, Missile Turret  
  78  6:43  SCV  
  78  6:45  SCV x2  
  78  6:46  Barracks Reactor, Factory Reactor  
  81  6:47  Marine  
  81  6:50  Marine  
  81  6:52  Supply Depot  
  81  6:53  Supply Depot, Marine x2  
  85  6:54  Supply Depot  
  85  6:57  SCV, Marine  
  87  7:08  Marine  
  87  7:09  Marine  
  87  7:14  Factory  
  89  7:16  Barracks  
  89  7:17  Barracks Reactor, Marine x3  
  89  7:18  Barracks  
  89  7:20  Barracks  
  89  7:21  Medivac x2  
  89  7:22  Terran Infantry Weapons Level 2, Terran Vehicle And Ship Armor Level 1  
  96  7:25  Supply Depot  
  96  7:26  Marine  
  96  7:27  Supply Depot, Marine x3  
  96  7:28  Refinery  
  100  7:30  Supply Depot  
  100  7:34  Marine  
  100  7:35  Marine  
  102  7:37  Widow Mine x2, Marine  
  107  7:44  Marine  
  107  7:46  Marine x3  
  107  7:51  Medivac x2  
  115  7:52  Marine  
  115  7:57  Marine x4  
  120  8:02  Factory Tech Lab  
  120  8:03  Marine  
  120  8:05  Barracks Tech Lab x2  
  121  8:08  Barracks Tech Lab  
  121  8:09  Marine x2  
  121  8:10  Marine, Widow Mine x2, Marauder  
  130  8:18  Marine  
  130  8:19  Marine x3  
  128  8:20  Marine, Widow Mine  
  128  8:23  Medivac x2  
  114  8:27  Marauder, Marine x3  
  114  8:28  Marine  
  114  8:30  Marine  
  114  8:34  Command Center  
  121  8:36  Marine  
  121  8:37  Marine x2  
  121  8:39  Marine x2  
  121  8:40  Marauder  
  110  8:49  Marine x2  
  110  8:50  Widow Mine x2  
  110  8:53  SCV x3  
  110  8:55  Marine x3  
  109  8:56  Widow Mine  
  109  8:58  Marine  
  109  8:59  Marauder, Marine x4  
  109  9:01  Marine  
  119  9:03  Terran Infantry Armor Level 2  
  119  9:04  Supply Depot  
  119  9:05  Supply Depot, SCV  
  119  9:06  Supply Depot  
  119  9:07  Marine x2  
  122  9:13  Marine  
  122  9:14  Marine x2  
  127  9:17  Marauder  
  127  9:19  SCV x3  
  127  9:23  Command Center  
  130  9:30  Marauder, Marine x5  
  130  9:31  SCV, Marine x3  
  133  9:32  Widow Mine x3, Marine  
  121  9:52  Marine  
  121  9:53  Marauder, Marine x4  
  121  9:58  Marauder, Marine x3  
  133  10:00  Widow Mine x2  
  133  10:02  SCV x3  
  133  10:03  Widow Mine  
  142  10:14  Marine x5, Terran Infantry Weapons Level 3  
  147  10:26  Marine  
  148  10:32  Thor  
  148  10:34  Marauder, Marine x2  
  158  10:37  Marine x2  
  137  10:45  Widow Mine, Marine x2  
  137  10:47  Missile Turret  
  137  10:49  Missile Turret  
  139  10:50  Planetary Fortress  
  139  10:53  Marauder, Marine x2  
  139  10:56  Medivac x2  
  137  11:02  Marine x4  
  137  11:03  Widow Mine, Marine x2  
  141  11:11  Marauder, Marine x3  
  141  11:13  Widow Mine  
  141  11:15  Marine, Widow Mine  
  141  11:16  Marauder  
  147  11:19  Marine  
  147  11:25  Marine x3  
  148  11:30  Marine, Marauder  
  148  11:31  Widow Mine, Marine x2  
  153  11:33  Marauder  
  145  11:41  Marauder, Marine x2  
  145  11:42  Widow Mine  
  145  11:44  Command Center  
  151  11:48  Marine  
  151  11:49  Marauder, Marine, Medivac, Widow Mine  
  151  11:50  Marine x2, Medivac  
  163  11:56  Marine x2  
  163  12:02  Marauder, Marine x3  
  163  12:08  Marine x3  
  171  12:09  Widow Mine  
  171  12:11  Marine x2  
  175  12:18  Planetary Fortress, Missile Turret  
  175  12:20  Missile Turret  
  175  12:23  Command Center  
  175  12:27  Marauder, Marine x4  
  175  12:28  Marauder  
  177  12:35  Widow Mine x2  
  181  12:37  Widow Mine  
  181  12:38  Marine  
  181  12:39  Marauder, Marine  
  187  12:49  Marine x4  
Tags
 
Add a new tag
Caveats
  • Supply blocks, unpowered buildings, or Contaminate may cause inaccurate times.
  • Supply counts are checked every 10 seconds.